 Dungeon Crawl Stone Soup version 0.30.1-11-g7821555f0a (webtiles) character file.

Game seed: 865583076761298130

706 dandone the Spear-Bearer (level 7, 0/57 HPs)
             Began as a Merfolk Fighter on Dec 3, 2023.
             Slain by an orc priest
             ... wielding a +0 short sword
              (4 damage)
             ... on level 5 of the Dungeon.
             The game lasted 00:13:15 (3609 turns).

dandone the Spear-Bearer (Merfolk Fighter)          Turns: 3609, Time: 00:13:15

Health: 0/57       AC:  7    Str: 22    XL:     7   Next: 67%
Magic:  7/7        EV: 10    Int:  7    God:
Gold:   214        SH:  5    Dex: 12    Spells: 6/6 levels left

rFire   . . .        a - +2 trident (freeze)
rCold   . . .        c - +0 buckler
rNeg    . . .        b - +0 scale mail
rPois   .            (no helmet)
rElec   .            (no cloak)
rCorr   .            f - +0 pair of gloves
SInv    .            (no boots)
Will    .....        m - amulet of the acrobat Stlth
                     (no ring)
HPRegen 0.29/turn    (no ring)
MPRegen 0.10/turn

%: acrobat
@: studying Polearms
A: (nimble swimmer 2), mertail, strong 1, wild magic 1
a: no special abilities


You were on level 5 of the Dungeon.
You visited 1 branch of the dungeon, and saw 5 of its levels.

You collected 214 gold pieces.

Inventory:

Hand Weapons
 a - a +2 trident of freezing (weapon)
 k - a +0 halberd
Armour
 b - a +0 scale mail (worn)
 c - a +0 buckler (worn)
 f - a +0 pair of gloves (worn)
Jewellery
 m - an amulet of the acrobat (around neck)
Scrolls
 h - a scroll of amnesia
 i - a scroll of enchant armour {unknown}
 j - a scroll of magic mapping
 n - a scroll of noise
 o - a scroll of brand weapon
 r - a scroll of immolation {unknown}
Potions
 d - a potion of might
 e - 2 potions of curing
 g - 2 potions of lignification
 l - a potion of cancellation {unknown}
 q - a potion of ambrosia {unknown}


   Skills:
 * Level 5.8 Fighting
 + Level 9.4 Polearms
 - Level 2.3 Armour
 + Level 2.5 Dodging
 + Level 3.9 Shields


You had 6 spell levels left.
You didn't know any spells.
Your spell library contained the following spells:

 Spells                   Type           Power      Damage    Failure   Level
 Apportation              Tloc           0%         N/A       88%         1
 Necrotise                Necr           0%         1d4       88%         1
 Summon Small Mammal      Summ           0%         N/A       88%         1
 Poisonous Vapours        Pois/Air       0%         N/A       95%         2
 Static Discharge         Conj/Air       0%         2-2/arc   95%         2
 Ozocubu's Armour         Ice            0%         N/A       99%         3
 Animate Dead             Necr           0%         N/A       100%        4
 Summon Lightning Spire   Summ/Air       0%         N/A       100%        4
 Agony                    Necr           0%         N/A       100%        5
 Metabolic Englaciation   Hex/Ice        0%         N/A       100%        5
 Simulacrum               Ice/Necr       0%         N/A       100%        6


Dungeon Overview and Level Annotations

Branches:
Dungeon (5/15)
 Temple: D:4-7

Altars:
Elyvilon

Shops:
D:3 (


Innate Abilities, Weirdness & Mutations

((You are very nimble when in or above water. (Stealth+, EV+, Speed+++)))
Your lower body shifts to a powerful aquatic tail in water.
Your muscles are strong. (Str +4, Int/Dex -1)
Your spells are a little harder to cast, but a little more powerful.


Message History

As you read the scroll of teleportation, it crumbles to dust.
You feel strangely unstable.
The orc priest calls down the wrath of Beogh upon you.
Beogh smites you!
* * * LOW HITPOINT WARNING * * *
You block the orc priest's attack.
You feel better.
The orc priest hits you but does no damage.
The orc priest calls upon Beogh to heal the orc priest.
The orc priest's wounds heal themselves!
Your surroundings suddenly seem different.
Found 10 gold pieces.
The orc shouts!
You hear an angry hiss.
An adder comes into view.
The adder hisses angrily.
You see here a +0 club.
The adder completely misses you. The adder attacks as you move away!
You block the adder's attack.
The orc priest looks braver for a moment.
The adder completely misses you. The adder attacks as you move away!
The adder barely misses you.
You barely miss the adder. The adder barely misses you.
The orc priest hits you but does no damage.
You puncture the adder!
The adder seems to slow down.
You freeze the adder.
You kill the adder!
The orc throws a poisoned dart.
The poisoned dart closely misses you.
The orc priest hits you with a +0 short sword.
* * * LOW HITPOINT WARNING * * *
The orc priest invokes the aid of Beogh against you.
Beogh smites you!
* * * LOW HITPOINT WARNING * * *
There is a stone staircase leading down here.
You feel better.
The orc priest is no longer moving quickly.
You block the orc priest's attack.
The orc priest invokes the aid of Beogh against you.
Beogh smites you!
* * * LOW HITPOINT WARNING * * *
The orc priest hits you with a +0 short sword.
You die...

#...#.# #....# #.# #..o.....$
#.#...# #....# ##.# #.oo.#####
#..#..#.## #....# #†.# #..o.'
#...###....#)..o###.## #....##
#.#.#.# #....o......#######.
#....## ##......#.#.##<# .
#...## ##.....#.#.##.# #....#
####.o..#.##.# #....#
#$@..#.##.# #...##
#####.####.##.# #....# ......#
#.....# #...## ##.######
#..##### #.#######..#
#......#####
#.........#########.###......#
######...........##..........#
#......≈....#...........#
#..##..≈._..#.#.....#####


You could see 2 orc priests and an orc.

Vanquished Creatures
  An ice beast (D:5)
  5 scorpions
  A hound (D:5)
  A jelly (D:4)
  Natasha (twice) (D:4)
  An iguana (D:4)
  2 orc wizards (D:4)
  4 adders
  4 worms
  4 dart slugs
  3 orcs (D:4)
  8 ball pythons
  6 endoplasms
  2 giant cockroaches
  6 goblins
  5 hobgoblins
  7 jackals
  5 quokkas
  8 bats
  4 frilled lizards
  9 kobolds
  7 rats
95 creatures vanquished.

Notes
Turn   | Place    | Note
-------+----------+-------------------------------------------
     0 | D:1      | dandone the Merfolk Fighter began the quest for the Orb.
     0 | D:1      | Reached XP level 1. HP: 18/18 MP: 1/1
    74 | D:1      | Reached XP level 2. HP: 18/24 MP: 2/2
   100 | D:1      | Reached skill level 3 in Polearms
   167 | D:1      | Reached XP level 3. HP: 27/30 MP: 3/3
   610 | D:2      | Reached XP level 4. HP: 37/37 MP: 4/4
   983 | D:2      | Reached skill level 4 in Polearms
  1780 | D:3      | Found Wunucwu's Weapon Shop.
  2056 | D:4      | Reached XP level 5. HP: 43/43 MP: 5/5
  2193 | D:4      | Noticed Natasha
  2202 | D:4      | Killed Natasha
  2203 | D:4      | Reached skill level 5 in Polearms
  2415 | D:4      | Reached skill level 1 in Dodging
  2418 | D:4      | Reached XP level 6. HP: 41/50 MP: 6/6
  2593 | D:4      | Reached skill level 6 in Polearms
  2641 | D:4      | Got the Secrets of Galvanic Sciomancy
  2719 | D:4      | Reached skill level 5 in Fighting
  2749 | D:4      | Identified a scroll of acquirement
  2749 | D:4      | Acquired a manual of Polearms
  3035 | D:4      | Noticed Natasha
  3043 | D:4      | Killed Natasha
  3129 | D:4      | Gained mutation: Your spells are a little harder to cast,
                  | but a little more powerful. [potion of mutation]
  3129 | D:4      | Gained mutation: Your muscles are strong. (Str +4, Int/Dex
                  | -1) [potion of mutation]
  3157 | D:5      | Entered Level 5 of the Dungeon
  3195 | D:5      | Reached skill level 7 in Polearms
  3271 | D:5      | Noticed an ice beast
  3287 | D:5      | Killed an ice beast
  3288 | D:5      | Reached skill level 8 in Polearms
  3288 | D:5      | Reached XP level 7. HP: 36/56 MP: 7/7
  3368 | D:5      | Reached skill level 9 in Polearms
  3369 | D:5      | Found a white marble altar of Elyvilon.
  3609 | D:5      | Slain by an orc priest

Illustrated notes

Levels and vault maps discovered:
D:1:      minmay_arrival_cross, layout_rooms
D:2:      layout_basic
D:3:      layout_rooms, serial_shops, shop, minmay_misc_feat_columns,
          serial_park_tiny_1, small_statue_intersection, dk_noncrumbling_3
D:4:      layout_cave_pods, uniq_natasha
D:5:      layout_basic, mainiacjoe_overflow_chevrons, minmay_misc_feat_rugged

Skill      XL: |  1  2  3  4  5  6  7 |
---------------+----------------------+-----
Polearms       | 3 4 5 8 9 |  9.4
Fighting       | 4 5 |  5.8
Dodging        | 1 2 |  2.5
Armour         | |  2.3
Shields        | |  3.9

Action                     |  1- 3 |  4- 6 |  7- 9 || total
---------------------------+-------+-------+-------++-------
  Melee: Trident           |   104 |   178 |    17 ||   299
         Unarmed           |       |       |    11 ||    11
    Use: Scroll            |     2 |     7 |     2 ||    11
         Potion            |       |     5 |     2 ||     7
 Armour: Scale mail        |    37 |    68 |     6 ||   111
  Dodge: Dodged            |    36 |    68 |    20 ||   124
  Block: Buckler           |    16 |    27 |     4 ||    47
